 Dungeon Crawl Stone Soup version 0.22.1-1-ga44c0e56f4 (webtiles) character file.

254 Peloso the Slasher (level 5, 0/47 HPs)
             Began as a Minotaur Fighter on Oct 28, 2018.
             Succumbed to a worker ant's poison
             ... on level 4 of the Dungeon.
             The game lasted 00:04:55 (1623 turns).

Peloso the Slasher (Minotaur Fighter)               Turns: 1623, Time: 00:04:55

Health: 0/47       AC:  9    Str: 17 (20) XL:     5   Next: 91%
Magic:  4/4        EV:  5    Int:  3 (5)  God:
Gold:   117        SH:  9    Dex:  9 (11) Spells: 4/4 levels left

rFire    . . .     SeeInvis +   a - +0 long sword
rCold    . . .     Gourm    .   c - +0 shield
rNeg     . . .     Faith    .   p - +0 chain mail
rPois    .         Spirit   .   (helmet restricted)
rElec    .         Reflect  .   (no cloak)
rCorr    .         Harm     .   (no gloves)
MR       .....                  (no boots)
Stlth    ..........             (no amulet)
HPRegen  0.15/turn              i - ring of see invisible
MPRegen  0.09/turn              (no ring)

@: lethally poisoned (0 -> -2)
A: retaliatory headbutt, horns 2
a: no special abilities


You were on level 4 of the Dungeon.
You were hungry.

You visited 1 branch of the dungeon, and saw 4 of its levels.

You collected 117 gold pieces.

Inventory:

Hand Weapons
 a - a +0 long sword (weapon)
Armour
 b - a +0 scale mail
 c - a +0 shield (worn)
 p - a +0 chain mail (worn)
Jewellery
 i - a ring of see invisible (left hand)
Wands
 e - a wand of enslavement (13)
Scrolls
 j - a scroll of teleportation {unknown}
 m - a scroll of enchant weapon {unknown}
 n - a scroll of identify {unknown}
Potions
 d - 2 potions of might
Comestibles
 f - 4 rations


   Skills:
 + Level 4.5 Fighting
 + Level 5.2 Long Blades
 + Level 4.4 Armour
 + Level 0.6 Dodging
 + Level 5.1 Shields


You had 4 spell levels left.
You didn't know any spells.
Your spell library was empty.

Dungeon Overview and Level Annotations

Branches:
Dungeon (4/15)
 Temple: D:4-7

Altars:


Innate Abilities, Weirdness & Mutations

You reflexively headbutt those who attack you in melee.
You have a pair of horns on your head.


Message History

You are feeling hungry.
* * * LOW HITPOINT WARNING * * *
You feel sick.
You see here 10 gold pieces.
* * * LOW HITPOINT WARNING * * *
You feel sick.
* * * LOW HITPOINT WARNING * * *
You feel sick.
* * * LOW HITPOINT WARNING * * *
You feel sick.
* * * LOW HITPOINT WARNING * * *
You feel sick.
Found 18 arrows.
* * * LOW HITPOINT WARNING * * *
You feel sick.
You open the door.
* * * LOW HITPOINT WARNING * * *
You feel sick.
There is an open door here.
You die...

. ##......# . .......#
#.#......# #.#......#
#........# #(......#
#.......#
.........##..#@#
#.........# #.#.# .#
#.........# #...# .#
#.........####..##.##
#...................###
#......................
#...................###
#.........†.........#
##...................#


There were no monsters in sight!

Vanquished Creatures
  A centaur (D:3)
  A crimson imp (D:3)
  An orc priest (D:3)
  A worker ant (D:4)
  2 adders (D:3)
  A dart slug (D:1)
  4 leopard geckos
  6 orcs (D:3)
  A bat zombie (D:1)
  A giant cockroach (D:4)
  7 goblins
  7 hobgoblins
  4 jackals (D:3)
  2 quokkas (D:3)
  6 bats
  3 frilled lizards (D:1)
  A giant cockroach zombie (D:1)
  8 kobolds
  4 rats
61 creatures vanquished.

Notes
Turn   | Place    | Note
-------+----------+-------------------------------------------
     0 | D:1      | Peloso the Minotaur Fighter began the quest for the Orb.
     0 | D:1      | Reached XP level 1. HP: 19/19 MP: 0/0
    99 | D:1      | Reached XP level 2. HP: 27/27 MP: 1/1
   534 | D:2      | Reached XP level 3. HP: 33/33 MP: 2/2
  1092 | D:3      | Reached XP level 4. HP: 33/40 MP: 3/3
  1199 | D:3      | Noticed a centaur
  1212 | D:3      | Killed a centaur
  1212 | D:3      | Reached XP level 5. HP: 42/47 MP: 4/4
  1281 | D:3      | Reached skill level 5 in Long Blades
  1594 | D:4      | Reached skill level 5 in Shields
  1615 | D:4      | HP: 2/47 [poisoned by a worker ant]
  1620 | D:4      | HP: 1/47 [poisoned by a worker ant]
  1623 | D:4      | Succumbed to a worker ant's poison

Skill      XL: |  1  2  3  4  5 |
---------------+----------------+-----
Shields        | 4 5 |  5.1
Fighting       | 4 |  4.5
Long Blades    | 3 4 5 |  5.2
Armour         | 4 |  4.4
Dodging        | |  0.6

Action                   |  1- 3 |  4- 6 || total
-------------------------+-------+-------++-------
Melee: Long sword        |    71 |    68 ||   139
       Headbutt          |     8 |     9 ||    17
  Use: Potion            |       |     3 ||     3
       Scroll            |       |     2 ||     2
  Eat: Chunk             |       |     2 ||     2
Armor: Scale mail        |    35 |    14 ||    49
       Chain mail        |       |     8 ||     8
Dodge: Dodged            |    26 |    21 ||    47
Block: Shield            |    39 |    29 ||    68
       Rpst.: Long sword |     7 |     7 ||    14
